 Dungeon Crawl Stone Soup version 0.26.1-10-gdfb7c7de75 (webtiles) character file.

Game seed: 4341921920355410875

152 GenialerGandalf the Shield-Bearer (level 5, -6/47 HPs)
             Began as a Hill Orc Fighter on Apr 3, 2021.
             Killed by nerve-wracking pain
             ... invoked by Grinder
              (13 damage)
             ... on level 3 of the Dungeon on Apr 4, 2021.
             The game lasted 00:12:45 (3291 turns).

GenialerGandalf the Shield-Bearer (HOFi)            Turns: 3291, Time: 00:12:47

Health: -6/47      AC: 12    Str: 20    XL:     5   Next: 34%
Magic:  5/5        EV:  4    Int: 14    God:
Gold:   122        SH:  9    Dex: 10    Spells: 4/4 levels left

rFire    . . .     SeeInvis .   a - +0 war axe
rCold    . . .     Faith    .   c - +0 kite shield
rNeg     . . .     Spirit   .   j - +0 plate armour
rPois    .         Reflect  .   (no helmet)
rElec    .         Harm     .   (no cloak)
rCorr    .         Rampage  .   (no gloves)
Will     .....                  n - +0 pair of boots
Stlth    ..........             (no amulet)
HPRegen  0.15/turn              l - +6 ring of intelligence
MPRegen  0.09/turn              (no ring)

@: slowed, very slow
A: no striking features
a: no special abilities


You were on level 3 of the Dungeon.
You visited 1 branch of the dungeon, and saw 3 of its levels.

You collected 122 gold pieces.

Inventory:

Hand Weapons
 a - a +0 war axe (weapon)
Missiles
 h - 109 stones (quivered)
Armour
 b - a +0 scale mail
 c - a +0 kite shield (worn)
 j - a +0 plate armour (worn)
 n - a +0 pair of boots (worn)
Jewellery
 l - a +6 ring of intelligence (left hand)
Wands
 r - a wand of digging (3)
Scrolls
 e - a scroll of immolation {unknown}
 f - 2 scrolls of fear {unknown}
 g - 3 scrolls of remove curse {unknown}
 i - 2 scrolls of identify {unknown}
Potions
 d - a potion of might
 k - a potion of magic {unknown}
 m - 2 potions of brilliance {unknown}
 o - a potion of resistance {unknown}
 p - a potion of attraction {unknown}
 q - a potion of flight {unknown}


   Skills:
 + Level 4.3 Fighting
 + Level 4.4 Axes
 + Level 3.8 Armour
 + Level 0.3 Dodging
 + Level 4.6 Shields


You had 4 spell levels left.
You didn't know any spells.
Your spell library was empty.

Dungeon Overview and Level Annotations

Branches:
Dungeon (3/15)

Altars:
Uskayaw

Annotations:
D:3 Grinder, Sigmund


Message History

You hear some strange, mumbled words.
A puff of flame appears from out of thin air!
The puff of flame hits you.
You are too injured to fight recklessly!
Level annotation: Grinder, Sigmund Welcome back, GenialerGandalf the Hill Orc Fighter.
Press ? for a list of commands and other information.
Deactivating autopickup; reactivate with Ctrl-A.
You slash something! You hit the orc wizard. You closely miss Grinder.
Grinder hits you but does no damage.
The orc wizard gestures at you while chanting.
The magic dart hits you!
* * * LOW HITPOINT WARNING * * *
You hear some strange, mumbled words.
A magic dart appears from out of thin air!
The magic dart hits you.
* * * LOW HITPOINT WARNING * * *
Grinder gestures at you. Pain shoots through your body!
You die...

#.......###..#.# #.#.
#.......##...#.# #.##
#.....).#....#.# #.#
#........#...#.# #.#
#......[##...#.########.#
###+##...[...#).........#
#####.#.############
#####5##.....
#..{@oo......
#.######.#### .. ##


You could see Grinder, an orc wizard and an orc.

Vanquished Creatures
  Ijyb (D:3)
  4 gnolls (D:2)
  3 adders (D:2)
  2 dart slugs (D:1)
  A leopard gecko (D:2)
  An orc (D:3)
  A ball python (D:2)
  2 giant cockroaches
  9 goblins
  8 hobgoblins
  2 jackals (D:1)
  6 bats
  3 frilled lizards
  5 kobolds
  4 rats
52 creatures vanquished.

Notes
Turn   | Place    | Note
-------+----------+-------------------------------------------
     0 | D:1      | GenialerGandalf the Hill Orc Fighter began the quest for
                  | the Orb.
     0 | D:1      | Reached XP level 1. HP: 19/19 MP: 1/1
   249 | D:1      | Reached XP level 2. HP: 26/27 MP: 2/2
   764 | D:1      | Reached XP level 3. HP: 30/33 MP: 3/3
  1495 | D:2      | Reached XP level 4. HP: 3/40 MP: 4/4
  2275 | D:2      | Found a hide-covered altar of Uskayaw.
  2532 | D:2      | Reached XP level 5. HP: 34/46 MP: 5/5
  3227 | D:3      | Noticed Ijyb
  3268 | D:3      | Killed Ijyb
  3278 | D:3      | Noticed Grinder
  3278 | D:3      | Noticed Sigmund
  3291 | D:3      | Killed from afar by Grinder

Illustrated notes

Levels and vault maps discovered:
D:1:      saegor_arrival_miasma, layout_loops_corners,
          chequers_serial_rivers_micro_b
D:2:      layout_basic, overflow_temple_1_default
D:3:      layout_basic, zin_scriptorium, minmay_three_crescents, uniq_ijyb,
          uniq_jessica, uniq_natasha, uniq_grinder, uniq_sigmund

Skill      XL: |  1  2  3  4 |
---------------+-------------+-----
Fighting       | 4 |  4.3
Axes           | 3 4 |  4.4
Shields        | 4 |  4.6
Armour         | |  3.8
Dodging        | |  0.3

Action                   |  1- 3 |  4- 6 || total
-------------------------+-------+-------++-------
Melee: War axe           |    93 |    95 ||   188
Armor: Scale mail        |    25 |       ||    25
       Plate armour      |    36 |   102 ||   138
Dodge: Dodged            |    27 |    24 ||    51
Block: Kite shield       |    67 |    72 ||   139
